 Dungeon Crawl Stone Soup version 0.31.0-12-g77e489cdc1 (webtiles) character file.

Game seed: 296133137252036153

18 BigFriendlyGeek42 the Magician (level 2, -2/15 HPs)
             Began as a Deep Elf Air Elementalist on Mar 1, 2024.
             Slain by a ribbon worm (7 damage)
             ... on level 2 of the Dungeon.
             The game lasted 00:00:38 (306 turns).

BigFriendlyGeek42 the Magician (DEAE)                Turns: 306, Time: 00:00:39

Health: -2/15      AC:  2    Str:  5    XL:     2   Next: 51%
Magic:  1/8        EV: 12    Int: 19    God:
Gold:   18         SH:  0    Dex: 15    Spells: 7/8 levels left

rFire   . . .        e - +0 short sword
rCold   . . .        (no shield)
rNeg    . . .        a - +0 robe
rPois   .            (no helmet)
rElec   .            (no cloak)
rCorr   .            (no gloves)
SInv    .            (no boots)
Will    .....        (no amulet)
Stlth   ++           (no ring)
HPRegen 0.22/turn    (no ring)
MPRegen 0.11/turn

%: no passive effects
@: no status effects
A: no striking features
a: no special abilities


You were on level 2 of the Dungeon.
You visited 1 branch of the dungeon, and saw 2 of its levels.

You collected 18 gold pieces.

Inventory:

Hand Weapons
 e - a +0 short sword (weapon)
Armour
 a - a +0 robe (worn)
Scrolls
 c - a scroll of identify {unknown}
Potions
 b - a potion of magic
 d - 2 potions of lignification {unknown}


   Skills:
 + Level 2.5 Dodging
 + Level 2.6 Stealth
 * Level 3.8 Spellcasting
 + Level 1.2 Conjurations
 + Level 3.2 Air Magic


You had 7 spell levels left.
You knew the following spells:

 Your Spells              Type           Power      Damage    Failure   Level
a - Shock                 Conj/Air       48%        1d6       5%          1

Your spell library contained the following spells:

 Spells                   Type           Power      Damage    Failure   Level
 Static Discharge         Conj/Air       24%        3-4/arc   9%          2
 Swiftness                Air            16%        N/A       11%         3
 Airstrike                Air            8%         2d(2-18)  36%         4
 Inner Flame              Hex/Fire       3%         N/A       38%         3
 Flame Wave               Conj/Fire      6%         2d5       73%         4
 Sticky Flame             Fire/Alch      3%         2d4       80%         4


Dungeon Overview and Level Annotations

Branches:
Dungeon (1/15)

Altars:


Message History

The kobold hits you with a +0 antimagic short sword.
You feel your power leaking away.
You hit the kobold.
The kobold is moderately wounded.
The kobold barely misses you.
You hit the kobold.
You kill the kobold!
Found 4 stones.
Things that are here:
a +0 antimagic short sword; a +0 short sword; a kobold corpse The zap hits the ribbon worm.
The ribbon worm is lightly wounded.
The zap hits the ribbon worm.
The ribbon worm is moderately wounded.
The ribbon worm misses you.
You barely miss the ribbon worm.
The ribbon worm is moderately wounded.
The ribbon worm misses you.
You hit the ribbon worm.
The ribbon worm is moderately wounded.
The ribbon worm bites you.
You hit the ribbon worm.
The ribbon worm is moderately wounded.
The ribbon worm barely misses you.
You hit the ribbon worm.
The ribbon worm is heavily wounded.
You hit the ribbon worm but do no damage.
The ribbon worm is heavily wounded.
The ribbon worm expels a string of sticky webbing.
The stream of webbing hits you but does no damage.
You are caught in a web!
The web tears apart.
The ribbon worm closely misses you.
You hit the ribbon worm.
The ribbon worm is heavily wounded.
The ribbon worm bites you.
* * * LOW HITPOINT WARNING * * *
You hit the ribbon worm but do no damage.
The ribbon worm is heavily wounded.
The ribbon worm bites you!
You die...

#. # #. .. #. ...
#. (.##. ...## #
#†w# .# #@# #.# .
.... #.##..#...
....... #.......#
......# #...####.
.....# ##...###..
### ..##.#
#........# #..
#.##.# ##....#####
#.# #.##.###.....#
#.###.##.....)...#


You could see a ribbon worm (catching breath).

Vanquished Creatures
  An adder (D:2)
  3 hobgoblins
  4 kobolds (D:2)
  2 ball pythons
10 creatures vanquished.

Notes
Turn   | Place    | Note
-------+----------+-------------------------------------------
     0 | D:1      | BigFriendlyGeek42 the Deep Elf Air Elementalist began the
                  | quest for the Orb.
     0 | D:1      | Reached XP level 1. HP: 10/10 MP: 6/6
   118 | D:1      | You fall into a shaft and drop 1 floor!
   277 | D:2      | Reached XP level 2. HP: 15/15 MP: 4/8
   306 | D:2      | Slain by a ribbon worm

Illustrated notes

Levels and vault maps discovered:
D:1:      lightli_arrival_quake, layout_basic, minmay_domino_4
D:2:      layout_rooms, uniq_terence

Action                     || total
---------------------------++-------
  Melee: Short sword       ||    17
         Punch             ||     1
   Cast: Shock             ||    23
 Armour: Robe              ||     7
  Dodge: Dodged            ||     8
